 Dungeon Crawl Stone Soup version 0.30.0-10-gfe55d96785 (webtiles) character file.

Game seed: 2406687164284265344

183 Spectrina the Trooper (level 5, -11/44 HPs)
             Began as a Human Monk on May 13, 2023.
             Was a Believer of Okawaru.
             Mangled by a hornet (13 damage)
             ... while paralysed by a hornet
             ... on level 4 of the Dungeon.
             The game lasted 00:14:51 (1466 turns).

Spectrina the Trooper (Human Monk)                  Turns: 1466, Time: 00:14:52

Health: -11/44     AC:  2    Str: 14    XL:     5   Next: 94%
Magic:  6/6        EV:  2    Int: 10    God:    Okawaru [**....]
Gold:   141        SH:  0    Dex: 15    Spells: 1/4 levels left

rFire   . . .        a - +0 trident
rCold   . . .        d - orb {light}
rNeg    . . .        b - +0 robe
rPois   .            (no helmet)
rElec   .            (no cloak)
rCorr   .            (no gloves)
SInv    .            (no boots)
Will    .....        (no amulet)
Stlth   +            (no ring)
HPRegen 0.27/turn    (no ring)
MPRegen 0.10/turn

%: no passive effects
@: paralysed, lethally poisoned (-11 -> -13), hasted, glowing
A: no striking features
a: Renounce Religion, Heroism


You were on level 4 of the Dungeon.
You worshipped Okawaru.
Okawaru was pleased with you.
You visited 1 branch of the dungeon, and saw 5 of its levels.

You collected 141 gold pieces.

Inventory:

Hand Weapons
 a - a +0 trident (weapon)
 e - a +0 mace
Armour
 b - a +0 robe (worn)
 d - an orb of light (worn)
Wands
 k - a wand of flame (3)
Scrolls
 g - 2 scrolls of immolation {unknown}
 n - a scroll of silence {unknown}
 o - a scroll of enchant armour {unknown}
 p - a scroll of amnesia {unknown}
Potions
 h - a potion of brilliance
 i - 4 potions of mutation
 l - 2 potions of flight
 m - a potion of haste


   Skills:
 + Level 5.5 Fighting
 - Level 3.0 Maces & Flails
 - Level 3.0 Dodging
 * Level 2.4 Invocations


You had one spell level left.
You knew the following spells:

 Your Spells              Type           Power      Damage    Failure   Level
a - Magic Dart            Conj           0%         1d3       36%         1
q - Searing Ray           Conj           0%         2d4       50%         2

Your spell library contained the following spells:

 Spells                   Type           Power      Damage    Failure   Level
 Blink                    Tloc           0%         N/A       50%         2
 Lesser Beckoning         Tloc           0%         N/A       50%         2
 Momentum Strike          Conj/Tloc      0%         3d8       50%         2
 Fulminant Prism          Conj/Hex       0%         3d5       98%         4


Dungeon Overview and Level Annotations

Branches:
Dungeon (5/15)
 Temple: D:4-7

Altars:
Hepliaklqana
Kikubaaqudgha
Okawaru
Trog

Shops:
D:2 (


Message History

As you read the scroll of identify, it crumbles to dust.
i - 4 potions of mutation
As you read the scroll of identify, it crumbles to dust.
h - a potion of brilliance The hornet stings you!
You feel yourself slow down.
It was a potion of haste.
You feel yourself speed up.
The hornet stings you but does no damage.
The hornet stings you!
You suddenly lose the ability to move!
You feel yourself speed up. The hornet stings you.
You shrug off the repeated paralysis!
The hornet stings you.
You feel yourself slow down.
You feel yourself speed up. The hornet barely misses you.
You can move again.
Unknown command.
You feel much better. The hornet stings you!
You are poisoned.
You feel yourself slow down.
You closely miss the hornet.
You feel yourself speed up.
You feel very sick. The hornet completely misses you.
The hornet stings you but does no damage.
Okay, then.
You hit the hornet.
The hornet is lightly wounded.
You feel sick. The hornet stings you!
* * * LOW HITPOINT WARNING * * *
You shrug off the repeated paralysis!
The hornet barely misses you.
Unknown command.
As you read the scroll labelled INUYRO UNAPU, it crumbles to dust.
Your body is wracked with pain!
* * * LOW HITPOINT WARNING * * *
The hornet convulses!
It was a scroll of torment.
You feel sick. The hornet stings you.
* * * LOW HITPOINT WARNING * * *
You suddenly lose the ability to move!
* * * LOW HITPOINT WARNING * * *
You feel sick. The hornet stings you!
You die...

. . ... ......##.####.#. #. .
...). .. ............. .# .#
#.#.# #. #........>.. .# #.# #
#.#.###.###........... .#
..#.#####..........<........##
y#..........#...###..........####
.#.....................##.....###
.................................
<..............y@....#..#....#...
..........:(...#####....#....####
.........>.†#### ##........#
..##.####... ##...#.#.# ...
.).....# #..#..#.# ...# ###y##
##.#.##.# ...# #. ..... ...# #
#..### ####


You could see a hornet.

Vanquished Creatures
  A hound (D:4)
  2 orc priests
  3 adders
  An ufetubus (D:4)
  A worm (D:2)
  2 dart slugs (D:1)
  6 orcs
  5 endoplasms
  2 giant cockroaches
  6 goblins
  3 hobgoblins
  3 jackals (D:4)
  5 ball pythons
  A bat (D:1)
  A frilled lizard (D:3)
  5 kobolds
  7 rats
54 creatures vanquished.

Notes
Turn   | Place    | Note
-------+----------+-------------------------------------------
     0 | D:1      | Spectrina the Human Monk began the quest for the Orb.
     0 | D:1      | Reached XP level 1. HP: 18/18 MP: 1/1
    87 | D:2      | Reached XP level 2. HP: 16/24 MP: 2/2
   406 | D:3      | Reached skill level 4 in Fighting
   406 | D:3      | Reached XP level 3. HP: 16/30 MP: 3/3
   452 | D:2      | Found Timuisot's Weapon Shop.
   781 | D:2      | Reached XP level 4. HP: 33/38 MP: 4/4
   799 | D:2      | Reached skill level 5 in Fighting
   941 | D:4      | Noticed a hornet
   969 | D:3      | Found an iron altar of Okawaru.
   978 | D:3      | Became a worshipper of Warmaster Okawaru
   978 | D:3      | Reached * piety under Okawaru
   978 | D:3      | Reached ** piety under Okawaru
  1089 | D:2      | Learned a level 1 spell: Magic Dart
  1093 | D:2      | Learned a level 2 spell: Searing Ray
  1128 | D:3      | Found a bloodstained altar of Trog.
  1131 | D:3      | Found an ancient bone altar of Kikubaaqudgha.
  1131 | D:3      | Found a hazy altar of Hepliaklqana.
  1262 | D:3      | Reached XP level 5. HP: 43/44 MP: 5/5
  1264 | D:3      | Found a faded altar of an unknown god.
  1341 | D:4      | Reached skill level 1 in Invocations
  1424 | D:5      | Entered Level 5 of the Dungeon
  1459 | D:4      | Paralysed by a hornet for 3 turns
  1465 | D:4      | Paralysed by a hornet for 1 turns
  1466 | D:4      | HP: 2/44 [poisoned by a hornet]
  1466 | D:4      | Mangled by a hornet

Illustrated notes

Levels and vault maps discovered:
D:1:      dpeg_arrival_subterranean_lakeside_camping, layout_basic
D:2:      layout_loops_cross, serial_shops, nicolae_shop_real_fake_doors,
          chequers_serial_rivers_micro_c, nicolae_figureground_sparkle
D:3:      layout_basic, mainiacjoe_overflow_24_doors,
          chequers_temple_overflow_statue_of_worship,
          ebering_ecumenical_altar_hall
D:4:      layout_rooms, marbit_many_paths
D:5:      layout_basic, grunt_temple_overflow_lords_of_destruction,
          lemuel_doored_altar, overflow_temple_1_default,
          eat_drink_and_be_merry_uskayaw, ebering_ghost_sewer_d

Skill      XL: |  1  2  3  4  5 |
---------------+----------------+-----
Fighting       | 4 5 |  5.5
Invocations    | 2 |  2.4
Maces & Flails | |  3.0
Dodging        | |  3.0

Action                     |  1- 3 |  4- 6 || total
---------------------------+-------+-------++-------
  Melee: Mace              |    15 |       ||    15
         Trident           |    62 |    63 ||   125
         Unarmed           |       |     6 ||     6
   Cast: Magic Dart        |       |     5 ||     5
    Use: Potion            |       |     5 ||     5
         Scroll            |       |     4 ||     4
 Armour: Robe              |     9 |    13 ||    22
         Skin              |       |     6 ||     6
  Dodge: Dodged            |    38 |    53 ||    91
